 Dungeon Crawl Stone Soup version 0.19.4 (webtiles) character file.

3074 Naow the Infuser (level 9, -4/45 HPs)
             Began as a Deep Elf Conjurer on Jan 30, 2017.
             Was a Follower of Vehumet.
             Slain by a killer bee (5 damage)
             ... on level 8 of the Dungeon.
             The game lasted 00:13:21 (9701 turns).

Naow the Infuser (Deep Elf Conjurer)                Turns: 9701, Time: 00:13:22

Health: -4/45      AC:  5    Str:  5    XL:     9   Next: 58%
Magic:  24/28      EV: 13    Int: 24    God:    Vehumet [*.....]
Gold:   493        SH:  0    Dex: 15    Spells: 5 memorised, 11 levels left

rFire  . . .     SeeInvis .     C - +3 short sword
rCold  . . .     Gourm    +     a - +0 robe
rNeg   . . .     Faith    .     (no shield)
rPois  .         Spirit   .     F - +0 Maxwell's etheric cage {RegenMP+ *Contam rElec MP+4}
rElec  +         Reflect  .     (no cloak)
rCorr  .         Harm     .     u - +1 pair of gloves
MR     .....                    (no boots)
Stlth  ++........               J - amulet of the gourmand
                                (no ring)
                                (no ring)

@: lethally poisoned (-4 -> -15)
A: no striking features
a: Renounce Religion


You were on level 8 of the Dungeon.
You worshipped Vehumet.
Vehumet was aware of your devotion.
You were not hungry.

You visited 2 branches of the dungeon, and saw 9 of its levels.

You collected 493 gold pieces.

Inventory:

Hand Weapons
 t - a +4 club
 C - a +3 short sword (weapon)
Armour
 a - a +0 robe (worn)
 u - a +1 pair of gloves (worn)
 F - the +0 Maxwell's etheric cage (worn) {RegenMP+ *Contam rElec MP+4}
   (You found it on level 6 of the Dungeon)

   It insulates you from electricity.
   It affects your magic capacity (+4).
   It causes magical contamination when unequipped.
Jewellery
 J - an amulet of the gourmand (around neck)
Wands
 r - a wand of disintegration (8/24)
 D - a wand of teleportation (3/9)
 I - a wand of iceblast (3/15)
 M - a wand of disintegration (11/24)
 N - a wand of flame (32/48)
Scrolls
 d - 6 scrolls of teleportation {unknown}
 h - 2 scrolls of fog {unknown}
 k - 2 scrolls of enchant armour {unknown}
 n - 8 scrolls of remove curse {unknown}
 o - 6 scrolls of identify {unknown}
 p - a scroll of recharging {unknown}
 w - a scroll of enchant weapon {unknown}
 y - 2 scrolls of noise {unknown}
 E - a scroll of amnesia {unknown}
 G - a scroll of torment {unknown}
 H - a scroll of acquirement {unknown}
 K - a scroll of magic mapping {unknown}
Potions
 e - 2 potions of resistance {unknown}
 f - 2 potions of ambrosia {unknown}
 g - 2 potions of magic {unknown}
 i - a potion of might {unknown}
 l - 3 potions of curing
 m - 3 potions of flight {unknown}
 q - a potion of lignification {unknown}
 s - 2 potions of heal wounds {unknown}
 v - 2 potions of invisibility {unknown}
 x - a potion of mutation {unknown}
 z - 2 potions of agility {unknown}
 B - 2 potions of haste {unknown}
 L - a potion of brilliance {unknown}
Books
 b - a book of Conjurations

   Spells                             Type                      Level
   a - Magic Dart                     Conjuration                  1
   b - Searing Ray                    Conjuration                  2
   c - Dazzling Spray                 Conjuration/Hexes            3
   d - Fulminant Prism                Conjuration/Hexes            4
   e - Iskenderun's Mystic Blast      Conjuration                  4
   f - Iskenderun's Battlesphere      Conjuration/Charms           5
Comestibles
 c - 3 bread rations
 j - 6 meat rations
 A - a slice of pizza


   Skills:
 - Level 2.4 Dodging
 - Level 2.4 Stealth
 + Level 9.8 Spellcasting
 + Level 9.7 Conjurations
 + Level 3.8 Hexes
 - Level 10.5 Charms


You had 11 spell levels left.
You knew the following spells:

 Your Spells              Type           Power        Failure   Level  Hunger
a - Magic Dart            Conj           ####         1%          1    None
b - Searing Ray           Conj           ######       1%          2    None
c - Iskenderun's Battles  Conj/Chrm      ######..     2%          5    ####...
d - Iskenderun's Mystic   Conj           ######..     1%          4    #......
e - Fulminant Prism       Conj/Hex       #####.....   3%          4    #......


Dungeon Overview and Level Annotations

Branches:
Dungeon (8/15)             Temple (1/1) D:6
   Lair: D:8-11

Altars:
Ashenzari
Dithmenos
Gozag
Makhleb
Okawaru
Qazlal
Ru
Sif Muna
Vehumet
Xom
The Shining One

Shops:
D:6 !   D:7 (


Message History

The killer bee stings you!
* * * LOW HITPOINT WARNING * * *
You feel better. The killer bee barely misses you. The killer bee stings you.
* * * LOW HITPOINT WARNING * * *
The killer bee closely misses you.
The killer bee stings you but does no damage.
The killer bee stings you.
* * * LOW HITPOINT WARNING * * *
The killer bee barely misses you. The killer bee closely misses you. x2
You feel better. The killer bee misses you. The killer bee closely misses you.
The killer bee stings you.
* * * LOW HITPOINT WARNING * * *
You are poisoned.
The killer bee poisons you! The killer bee barely misses you. x2
The killer bee stings you!
* * * LOW HITPOINT WARNING * * *
You are more poisoned.
The killer bee poisons you! The killer bee closely misses you. x2
The killer bee stings you.
You die...

#........##.##. ....#
#..#####.#.#.#.
.....#####.........###..
...............##.## ##.
#...#......#####.##...## ##
...#..#...#####.#####.##
##.
..#.##.#....##........###.#
..........y.........#.#.##
#. .......y@#....#######.##
##.. #(###..yyy....# ###
.....##.####[#._.#.##
#..y..##.......#
#..........#...#
#.....#........#
#.....#####...## #.....#
#.#.# ####### #...#


You could see 5 killer bees.

Vanquished Creatures
  Grinder (D:5)
  Sigmund (D:5)
  A wyvern (D:8)
  A sky beast (D:7)
  3 ice beasts
  3 ogres
  A phantom (D:7)
  2 centaurs (D:6)
  3 bullfrogs
  A water moccasin zombie (D:8)
  2 killer bees (D:8)
  4 wights (D:7)
  A howler monkey (D:4)
  2 crimson imps (D:6)
  A hound (D:7)
  6 orc priests
  The ghost of MirrMurr the Magician, a weakling FeWz (D:5)
  2 jellies
  9 orc wizards
  A bullfrog skeleton (D:4)
  A centaur skeleton (D:4)
  Ijyb (D:3)
  Terence (D:3)
  Natasha (twice) (D:2)
  A killer bee zombie (D:7)
  7 worker ants
  A howler monkey zombie (D:8)
  6 adders
  3 shadow imps
  2 oozes (D:2)
  An adder zombie (D:8)
  An adder skeleton (D:5)
  3 worms
  5 dart slugs
  A leopard gecko (D:6)
  23 orcs
  A ball python (D:5)
  5 giant cockroaches
  11 goblins
  6 hobgoblins
  10 jackals
  9 kobolds
  5 quokkas
  6 bats
  5 frilled lizards
  2 jackal skeletons
  2 leopard gecko zombies
  11 rats
178 creatures vanquished.

Vanquished Creatures (others)
  An orc wizard (D:4)
  A worker ant (D:6)
  An adder (D:6)
3 creatures vanquished.

Grand Total: 181 creatures vanquished

Notes
Turn   | Place    | Note
-------+----------+-------------------------------------------
     0 | D:1      | Naow the Deep Elf Conjurer began the quest for the Orb.
     0 | D:1      | Reached XP level 1. HP: 10/10 MP: 6/6
   521 | D:1      | Reached XP level 2. HP: 15/15 MP: 5/8
   525 | D:1      | Learned a level 2 spell: Searing Ray
   801 | D:1      | Reached skill level 5 in Conjurations
  1486 | D:2      | Reached XP level 3. HP: 19/19 MP: 2/10
  1581 | D:2      | Found an iron altar of Okawaru.
  1583 | D:2      | Found a stormy altar of Qazlal.
  1584 | D:2      | Noticed Natasha
  1589 | D:2      | Killed Natasha
  1993 | D:2      | Reached XP level 4. HP: 24/24 MP: 2/12
  2178 | D:2      | Noticed Natasha
  2185 | D:2      | Killed Natasha
  2943 | D:3      | Noticed Ijyb
  2998 | D:3      | Killed Ijyb
  2998 | D:3      | Reached XP level 5. HP: 28/28 MP: 2/14
  3281 | D:3      | Noticed Terence
  3286 | D:3      | Killed Terence
  3286 | D:3      | Reached skill level 5 in Spellcasting
  3368 | D:3      | Found an opulent altar of Gozag.
  3798 | D:4      | Reached XP level 6. HP: 16/32 MP: 4/16
  3805 | D:4      | Learned a level 5 spell: Iskenderun's Battlesphere
  3810 | D:4      | Learned a level 4 spell: Iskenderun's Mystic Blast
  3815 | D:4      | Learned a level 4 spell: Fulminant Prism
  4165 | D:4      | Reached skill level 1 in Charms
  4428 | D:4      | Found a shattered altar of Ashenzari.
  4493 | D:4      | Reached skill level 2 in Charms
  4676 | D:4      | Reached skill level 3 in Charms
  5136 | D:5      | Entered Level 5 of the Dungeon
  5136 | D:5      | Noticed Grinder
  5141 | D:4      | Reached skill level 4 in Charms
  5141 | D:4      | Reached XP level 7. HP: 29/36 MP: 7/18
  5268 | D:5      | Paralysed by Grinder for 4 turns
  5275 | D:5      | Killed Grinder
  5275 | D:5      | Reached skill level 5 in Charms
  5490 | D:5      | Noticed MirrMurr's ghost (weakling FeWz)
  5494 | D:5      | Killed MirrMurr's ghost
  5715 | D:5      | Found a glowing golden altar of the Shining One.
  5725 | D:5      | Reached skill level 6 in Charms
  6115 | D:5      | Noticed Sigmund
  6119 | D:5      | Killed Sigmund
  6119 | D:5      | Reached skill level 7 in Charms
  6119 | D:5      | Reached XP level 8. HP: 41/41 MP: 6/20
  6550 | D:5      | Found a glowing golden altar of the Shining One.
  6710 | D:5      | Found a burning altar of Makhleb.
  7045 | D:6      | Reached skill level 8 in Charms
  7140 | D:6      | Found a staircase to the Ecumenical Temple.
  7151 | Temple   | Entered the Ecumenical Temple
  7193 | Temple   | Became a worshipper of Vehumet
  7363 | D:6      | Found a shimmering altar of Xom.
  7378 | D:6      | Reached skill level 9 in Charms
  7761 | D:6      | Found Inyrphag's Distillery.
  8118 | D:6      | Found a sacrificial altar of Ru.
  8342 | D:6      | Reached skill level 10 in Charms
  8364 | D:6      | Reached XP level 9. HP: 45/45 MP: 23/23
  9037 | D:7      | Found Awnemmeu's Antique Weapon Emporium.
  9047 | D:7      | Reached skill level 1 in Hexes
  9100 | D:7      | Reached * piety under Vehumet
  9100 | D:7      | Offered knowledge of Sting by Vehumet.
  9664 | D:8      | Found a radiant altar of Vehumet.
  9700 | D:8      | HP: 1/45 [killer bee (6)]
  9701 | D:8      | Slain by a killer bee

Skill      XL: |  1  2  3  4  5  6  7  8  9 |
---------------+----------------------------+-----
Conjurations   | 5 6 7 8 9 |  9.7
Spellcasting   | 4 5 6 7 8 9 |  9.8
Charms         | 4 7 10 | 10.5
Hexes          | 3 |  3.8
Dodging        | |  2.4
Stealth        | |  2.4

Action                   |  1- 3 |  4- 6 |  7- 9 || total
-------------------------+-------+-------+-------++-------
Melee: Club              |       |     3 |       ||     3
 Cast: Magic Dart        |    65 |   114 |   198 ||   377
       Searing Ray       |     2 |    13 |    28 ||    43
       Iskenderun's Myst |       |       |    17 ||    17
       Iskenderun's Batt |       |       |     4 ||     4
  Use: Potion            |       |       |     2 ||     2
  Eat: Chunk             |     3 |     8 |    22 ||    33
Armor: Robe              |     1 |    13 |    15 ||    29
Dodge: Dodged            |     3 |    24 |    78 ||   105
